 Dungeon Crawl Stone Soup version 0.32-a0-799-g95e1662365 (webtiles) character file.

Game seed: 1549071192557148241

35230 Rohain the Unseen (level 13, -8/63 HPs)
             Began as a Vampire Enchanter on Mar 21, 2024.
             Was a Priest of Dithmenos.
             Killed by dispel undead
             ... invoked by a demonspawn black sun
              (54 damage)
             ... on level 14 of the Dungeon.
             The game lasted 00:30:00 (14254 turns).

Rohain the Unseen (Vampire Enchanter)              Turns: 14254, Time: 00:30:01

Health: -8/63      AC:  9    Str:  7    XL:     13   Next: 46%
Magic:  8/25       EV: 24    Int: 20    God:    Dithmenos [***...]
Gold:   844        SH:  0    Dex: 24    Spells: 12/29 levels left

rFire   + . .        B - +4 dagger (freeze)
rCold   + + .        (no shield)
rNeg    + + +        H - +2 leather armour {Will+}
rPois   ∞            v - +1 hat
rElec   .            q - +1 cloak
rCorr   .            i - -1 pair of gloves "Xoticuf" {Stlth+}
SInv    +            J - +0 pair of boots
Will    ++...        C - amulet of magic regeneration Stlth ******++++
                     S - ring of protection from fire
HPRegen 0.00/turn    T - ring of a Million Nights {^Drain EV+5 Dex+7 Slay+2}
MPRegen 0.59/turn

%: no passive effects
@: bloodless, inhibited regen, wreathed by umbra, studying Summonings
A: bloodless, fangs 3, see invisible, vampiric 2
a: Bat Form, Revivify, Renounce Religion, Shadow Step


You were on level 14 of the Dungeon.
You worshipped Dithmenos.
Dithmenos was most pleased with you.
You visited 2 branches of the dungeon, and saw 15 of its levels.
You also visited: Bailey.

You collected 844 gold pieces.

Inventory:

Hand Weapons
 j - a +1 dagger of venom
 B - a +4 dagger of freezing (weapon)
Armour
 a - +0 acid dragon scales
 i - the -1 pair of gloves "Xoticuf" (worn) {Stlth+}
   (You found it on level 2 of the Dungeon)

   Stlth+:    It makes you more stealthy.
 q - a +1 cloak (worn)
 u - an orb of guile
 v - a +1 hat (worn)
 D - the +2 pair of gloves of Elyvilon's Pride {Harm rF- Str+5}
   (You found it in a bailey)

   Str+5:     It affects your strength (+5).
   rF-:       It makes you vulnerable to fire.
   Harm:      It increases damage dealt and taken.
 H - a +2 leather armour of willpower (worn)
 J - a +0 pair of boots (worn)
Jewellery
 C - an amulet of magic regeneration (around neck)
 L - a ring of fire
 N - an amulet of the acrobat
 S - a ring of protection from fire (left hand)
 T - the ring of a Million Nights (right hand) {^Drain EV+5 Dex+7 Slay+2}
   (You acquired it on level 11 of the Dungeon)

   [ring of evasion]

   EV+5:      It affects your evasion (+5).
   Dex+7:     It affects your dexterity (+7).
   Slay+2:    It affects your accuracy & damage with ranged weapons and melee
   (+2).
   ^Drain:    It drains your maximum health when unequipped.
 U - a ring of protection from cold
 V - a ring of protection from cold
 Z - a ring of protection from fire
Wands
 r - a wand of digging (5)
 w - a wand of acid (8)
 x - a wand of flame (25)
 A - a wand of charming (11)
 P - a wand of roots (18)
 R - a wand of polymorph (3)
Scrolls
 s - 4 scrolls of teleportation
 t - 3 scrolls of enchant armour
 y - 2 scrolls of amnesia
 E - 3 scrolls of blinking
 O - 3 scrolls of enchant weapon
 Q - a scroll of poison
 X - a scroll of revelation
 Y - a scroll of fear
Potions
 b - a potion of lignification
 d - 4 potions of resistance
 e - 3 potions of haste
 g - 2 potions of attraction
 k - 3 potions of curing
 l - 2 potions of magic
 m - 5 potions of ambrosia
 o - a potion of degeneration
 p - a potion of mutation {unknown}
 z - 3 potions of brilliance
 G - a potion of cancellation {unknown}
 K - 2 potions of might
 M - a potion of enlightenment {unknown}
Miscellaneous
 F - a phial of floods


   Skills:
 + Level 10.5 Short Blades
 + Level 10.7 Dodging
 * Level 20.2 Stealth
 + Level 8.9 Spellcasting
 + Level 13.7 Hexes
 + Level 7.4 Summonings


You had 12 spell levels left.
You knew the following spells:

 Your Spells              Type           Power      Damage    Failure   Level
a - Ensorcelled Hibernat  Hex/Ice        72%        N/A       1%          2
b - Confusing Touch       Hex            59%        N/A       1%          3
c - Tukima's Dance        Hex            59%        N/A       1%          3
d - Dazzling Flash        Conj/Hex       72%        N/A       1%          3
e - Sigil of Binding      Hex            59%        N/A       1%          3
f - Call Canine Familiar  Summ           38%        N/A       1%          3

Your spell library contained the following spells:

 Spells                   Type           Power      Damage    Failure   Level
 Dimensional Bullseye     Hex/Tloc       18%        N/A       7%          4
 Kiss of Death            Conj/Necr      32%        2d7       12%         1
 Lesser Beckoning         Tloc           16%        N/A       19%         2
 Metabolic Englaciation   Hex/Ice        18%        N/A       19%         5
 Silence                  Hex/Air        18%        N/A       19%         5
 Gell's Gravitas          Tloc           8%         N/A       34%         3
 Mephitic Cloud           Conj/Alch/Air  8%         N/A       34%         3
 Teleport Other           Tloc           8%         N/A       34%         3
 Dispel Undead            Necr           8%         3d8       75%         4
 Leda's Liquefaction      Alch/Erth      4%         N/A       75%         4
 Petrify                  Alch/Erth      8%         N/A       75%         4
 Curse of Agony           Necr           8%         N/A       97%         5


Dungeon Overview and Level Annotations

Branches:
Dungeon (14/15)            Temple (1/1) D:4            Lair (0/5) D:9
    Orc (0/2) D:12         Bailey (visited)
 Vaults: D:13-14

Altars:
Ashenzari
Cheibriados
Dithmenos
Fedhas
Gozag
Hepliaklqana
Kikubaaqudgha
Makhleb
Nemelex Xobeh
Okawaru
Qazlal
Ru
Sif Muna
Trog
Uskayaw
Vehumet
Wu Jian
Xom
Yredelemnul
Beogh

Annotations:
D:4 2 transporters


Innate Abilities, Weirdness & Mutations

You do not regenerate when monsters are visible.
You are frail without blood (-20% HP).
You can heal yourself when you bite living creatures.
You are immune to poison.
You have razor-sharp teeth.
You have supernaturally acute eyesight. (SInv)
You are afflicted with vampirism and can become a bat while bloodless.


Message History

Casting: Tukima's Dance (safe; 1% risk of failure)
Confirm with . or Enter, or press ? or * to list all spells.
Aiming: Tukima's Dance (safe; 1% risk of failure)
Press: ? - help, Shift-Dir - straight line, f/p - demonspawn black sun
Aim: a demonspawn black sun, wielding a +0 great sword and wearing a +0 scale mail (lightly wounded, umbra, chance to affect: 41%)
The demonspawn black sun resists with some effort.
The demonspawn black sun utters an invocation to Kikubaaqudgha.
The demonspawn black sun begins absorbing vital energies!
Casting: Tukima's Dance (safe; 1% risk of failure)
Confirm with . or Enter, or press ? or * to list all spells.
Aiming: Tukima's Dance (safe; 1% risk of failure)
Press: ? - help, Shift-Dir - straight line, f/p - demonspawn black sun
Aim: a demonspawn black sun, wielding a +0 great sword and wearing a +0 scale mail (lightly wounded, absorbing vital energies, umbra, chance to affect: 41%)
The demonspawn black sun resists with some effort.
Casting: Tukima's Dance (safe; 1% risk of failure)
Confirm with . or Enter, or press ? or * to list all spells.
Aiming: Tukima's Dance (safe; 1% risk of failure)
Press: ? - help, Shift-Dir - straight line, f/p - demonspawn black sun
Aim: a demonspawn black sun, wielding a +0 great sword and wearing a +0 scale mail (lightly wounded, absorbing vital energies, umbra, chance to affect: 41%)
The demonspawn black sun resists with some effort.
The demonspawn black sun calls down the wrath of Kikubaaqudgha upon you.
You convulse!
Casting: Tukima's Dance (safe; 1% risk of failure)
Confirm with . or Enter, or press ? or * to list all spells.
Aiming: Tukima's Dance (safe; 1% risk of failure)
Press: ? - help, Shift-Dir - straight line, f/p - demonspawn black sun
Aim: a demonspawn black sun, wielding a +0 great sword and wearing a +0 scale mail (lightly wounded, absorbing vital energies, umbra, chance to affect: 41%)
The demonspawn black sun resists with some effort.
The demonspawn black sun barely misses you.
Unknown command.
Casting: Tukima's Dance (safe; 1% risk of failure)
Confirm with . or Enter, or press ? or * to list all spells.
Aiming: Tukima's Dance (safe; 1% risk of failure)
Press: ? - help, Shift-Dir - straight line, f/p - demonspawn black sun
Aim: a demonspawn black sun, wielding a +0 great sword and wearing a +0 scale mail (lightly wounded, absorbing vital energies, umbra, chance to affect: 41%)
The demonspawn black sun resists with some effort.
The demonspawn black sun calls down the wrath of Kikubaaqudgha upon you.
You convulse!
Ouch! That really hurt!
You die...

######### .....[..#
###.....###
##+#####.........#
#........#.....#.#
#........#.....#)#
#........#.....#.#
....#####@#.....#.#
##########6#..#..#.#
..............3)>....#.#
..#........÷##.#.###)#)#
##...☼#####§..#.#...).#.#
....° #x..##☼.#.#.##..#.#
##...#
.3..x##.#.#.##..#.#
.#.#.#
.###X.#.#.####..#.#
.#.#.#
.6|#..'.#....#..#.#


You could see a demonspawn black sun (black mark) and a sun demon.

Vanquished Creatures
  Fannar (D:10)
  A hydra (D:13)
  A boulder beetle (D:14)
  Erica (D:10)
  2 two-headed ogres (D:8)
  Urug (D:10)
  Nergalle (D:11)
  Amaemon (D:11)
  13 skeletal warriors
  An orc knight (Bailey)
  A wolf spider zombie (D:13)
  6 ugly things
  Maurice (D:7)
  3 deep elf pyromancers
  4 manticores
  A cyclops (D:11)
  6 centaur zombies (D:13)
  An orange demon (D:11)
  A gargoyle (D:11)
  A kobold demonologist (D:11)
  4 unseen horrors
  A tengu conjurer (D:13)
  3 komodo dragons
  A redback zombie (D:13)
  A queen bee (D:10)
  3 trolls
  A polar bear (shapeshifter) (D:14)
  Prince Ribbit (D:9)
  4 slime creatures (D:12)
  A shadow (D:12)
  Eustachio (D:6)
  A small abomination (D:14)
  A wraith (D:11)
  A wyvern (D:8)
  A wyvern (shapeshifter) (D:14)
  2 basilisks
  A steam dragon (D:7)
  15 vampire mosquitoes
  2 acid dragons
  4 water moccasins
  An ice beast (D:5)
  4 sky beasts
  2 black bears
  8 orc warriors
  2 laughing skulls (D:13)
  2 ogres
  8 centaurs
  3 kobold brigands
  A gnoll sergeant (D:7)
  3 bullfrogs
  2 scorpions
  3 wights (D:6)
  17 killer bees (D:10)
  3 howler monkeys (D:9)
  2 hounds (D:5)
  2 bombardier beetles
  A gnoll bouda (D:8)
  5 orc priests
  4 iguanas
  4 jellies
  A sleepcap (D:5)
  Jessica (D:2)
  8 orc wizards
  5 gnolls
  2 adders
  A white imp (D:7)
  A dart slug (D:5)
  36 orcs
  2 bats
  7 endoplasms
  A giant cockroach (D:1)
  17 goblins
  11 hobgoblins
  4 quokkas
  3 ball pythons
  2 frilled lizards
  9 kobolds
  6 rats
291 creatures vanquished.

Vanquished Creatures (collateral kills)
  A two-headed ogre (D:8)
  2 orc warriors (Bailey)
  3 wights (D:7)
  3 gnolls (D:7)
  An orc (Bailey)
10 creatures vanquished.

Vanquished Creatures (others)
  A large abomination (D:14)
  5 dancing weapons
  A small abomination (D:14)
  An orc wizard (D:10)
8 creatures vanquished.

Grand Total: 309 creatures vanquished

Notes
Turn   | Place    | Note
-------+----------+-------------------------------------------
     0 | D:1      | Rohain the Vampire Enchanter began the quest for the Orb.
     0 | D:1      | Reached XP level 1. HP: 13/13 MP: 3/3
   287 | D:1      | Reached XP level 2. HP: 15/15 MP: 5/5
  1103 | D:1      | Reached skill level 5 in Stealth
  1171 | D:2      | Found a faded altar of an unknown god.
  1222 | D:2      | Identified the -1 pair of gloves "Xoticuf" {Stlth+}
  1359 | D:2      | Noticed Jessica
  1367 | D:2      | Killed Jessica
  1368 | D:2      | Gained mutation: You are afflicted with vampirism and can
                  | become a bat while bloodless. [Vampire growth]
  1368 | D:2      | Reached XP level 3. HP: 15/19 MP: 6/6
  1371 | D:2      | Learned a level 2 spell: Ensorcelled Hibernation
  1746 | D:3      | Learned a level 3 spell: Confusing Touch
  1783 | D:3      | Reached skill level 5 in Hexes
  1783 | D:3      | Reached XP level 4. HP: 24/24 MP: 7/7
  2262 | D:4      | Noticed an ogre
  2272 | D:4      | Killed an ogre
  2273 | D:4      | Reached skill level 6 in Stealth
  2273 | D:4      | Reached XP level 5. HP: 28/28 MP: 5/9
  2532 | D:4      | Found a transporter.
  2610 | D:4      | Noticed a centaur
  2626 | D:4      | Found a transporter.
  2635 | D:4      | Found an ornate altar of the Wu Jian Council.
  2774 | D:4      | Reached skill level 7 in Stealth
  2778 | D:4      | Reached XP level 6. HP: 32/32 MP: 10/10
  2807 | D:4      | Found a staircase to the Ecumenical Temple.
  2920 | D:4      | Learned a level 3 spell: Tukima's Dance
  2950 | D:5      | Entered Level 5 of the Dungeon
  3239 | D:5      | Noticed an ice beast
  3246 | D:5      | Killed an ice beast
  3247 | D:5      | Reached skill level 8 in Stealth
  3247 | D:5      | Reached XP level 7. HP: 36/36 MP: 10/12
  3958 | D:6      | Noticed Eustachio
  3962 | D:6      | Killed Eustachio
  3963 | D:6      | Reached skill level 9 in Stealth
  4101 | D:6      | Reached XP level 8. HP: 41/41 MP: 12/14
  4289 | D:6      | Reached skill level 10 in Stealth
  4408 | D:6      | Reached skill level 5 in Dodging
  4838 | D:6      | Reached skill level 5 in Short Blades
  4956 | D:6      | Reached skill level 11 in Stealth
  5213 | D:7      | Noticed Maurice
  5220 | D:7      | Killed Maurice
  5221 | D:7      | Reached XP level 9. HP: 45/45 MP: 14/16
  5338 | D:7      | Reached skill level 12 in Stealth
  5338 | D:7      | Reached skill level 5 in Spellcasting
  6421 | D:8      | Noticed a two-headed ogre
  6428 | D:8      | Killed a two-headed ogre
  6429 | D:8      | Reached skill level 13 in Stealth
  6533 | D:8      | Reached XP level 10. HP: 50/50 MP: 18/18
  6584 | D:8      | Found a blossoming altar of Fedhas.
  6586 | D:8      | Found a basalt altar of Yredelemnul.
  6737 | D:8      | Noticed a two-headed ogre
  6744 | D:8      | Killed a two-headed ogre
  6745 | D:8      | Reached skill level 14 in Stealth
  6745 | D:8      | Found a flagged portal.
  6766 | Bailey   | Entered a bailey
  6899 | Bailey   | Found a large runed translucent door.
  6899 | Bailey   | Found a large runed translucent door.
  6900 | Bailey   | Noticed a deep elf pyromancer
  6918 | Bailey   | Noticed an orc knight
  6958 | Bailey   | Killed an orc knight
  6959 | Bailey   | Reached skill level 10 in Hexes
  7024 | Bailey   | Killed a deep elf pyromancer
  7042 | Bailey   | Identified the +2 pair of gloves of Elyvilon's Pride {Harm
                  | rF- Str+5}
  7253 | D:8      | Noticed a two-headed ogre
  7256 | D:8      | Killed a two-headed ogre
  7257 | D:8      | Reached skill level 15 in Stealth
  7770 | D:9      | Noticed Prince Ribbit
  7776 | D:9      | Killed Prince Ribbit
  7798 | D:9      | Reached XP level 11. HP: 54/54 MP: 20/20
  7800 | D:9      | Noticed a white ugly thing
  8234 | D:9      | Learned a level 3 spell: Dazzling Flash
  8248 | D:9      | Killed a white ugly thing
  8327 | D:9      | Learned a level 3 spell: Sigil of Binding
  8345 | D:9      | Found a staircase to the Lair.
  8370 | D:9      | Reached skill level 16 in Stealth
  8743 | Temple   | Entered the Ecumenical Temple
  8752 | Temple   | Became a worshipper of Dithmenos the Shadowed
  8832 | D:10     | Entered Level 10 of the Dungeon
  8832 | D:10     | Noticed Erica
  8835 | D:10     | Killed Erica
  8987 | D:10     | Noticed Urug
  9012 | D:10     | Killed Urug
  9140 | D:10     | Found an iron altar of Okawaru.
  9685 | D:10     | Reached * piety under Dithmenos
  9782 | D:10     | Noticed Fannar
  9785 | D:10     | Killed Fannar
  9786 | D:10     | Reached skill level 17 in Stealth
  9993 | D:11     | Identified a scroll of acquirement
  9993 | D:11     | Acquired the ring of a Million Nights {^Drain EV+5 Dex+7
                  | Slay+2}
 10032 | D:11     | Acquired a manual of Summonings
 10063 | D:11     | Reached skill level 1 in Summonings
 10230 | D:11     | Found a radiant altar of Vehumet.
 10266 | D:11     | Noticed Amaemon
 10273 | D:11     | HP: 1/54 [barbs]
 10290 | D:11     | Killed Amaemon
 10291 | D:11     | Reached XP level 12. HP: 59/59 MP: 23/23
 10460 | D:11     | Reached ** piety under Dithmenos
 10517 | D:11     | Noticed Nergalle
 10525 | D:11     | Killed Nergalle
 10526 | D:11     | Reached skill level 18 in Stealth
 10743 | D:12     | Found a staircase to the Orcish Mines.
 10870 | D:12     | Found a roughly hewn altar of Beogh.
 11766 | D:13     | Reached skill level 5 in Summonings
 11771 | D:13     | Reached *** piety under Dithmenos
 11789 | D:13     | Learned a level 3 spell: Call Canine Familiar
 11874 | D:13     | Reached skill level 19 in Stealth
 12284 | D:13     | Reached skill level 10 in Dodging
 12522 | D:13     | Noticed a six-headed hydra
 12530 | D:13     | Killed a six-headed hydra
 12566 | D:13     | Reached skill level 10 in Short Blades
 12778 | D:13     | Reached XP level 13. HP: 63/63 MP: 25/25
 13840 | D:14     | Reached skill level 20 in Stealth
 13992 | D:14     | Noticed a demonspawn black sun
 14254 | D:14     | Killed from afar by a demonspawn black sun

Illustrated notes

Levels and vault maps discovered:
D:1:      saegor_arrival_simple_c, layout_basic, corexii_corridor_pit
D:2:      layout_rooms, chequers_ecumenical_altar_simple_redux, uniq_jessica
D:3:      cheibrodos_greedy_goblins, layout_rooms
D:4:      layout_loops_cross, gammafunk_temple_overflow_arena,
          minmay_temple_entry_glassed_door
D:5:      layout_gridville
D:6:      layout_rooms, uniq_eustachio
D:7:      layout_loops_ring, uniq_maurice
D:8:      layout_basic, chequers_temple_overflow_statue_of_worship,
          enter_bailey_3, kennysheep_generic_room_13
D:9:      layout_roguey, kennysheep_mini_moat, david_lair_shrubbed,
          minivault_20, uniq_prince_ribbit1
D:10:     layout_basic, okawaru_metal_pillars_3, minivault_7, uniq_erica,
          uniq_urug, uniq_fannar
D:11:     kennysheep_spiral_hall, layout_basic, nicolae_vehumet_radiance,
          uniq_amaemon, uniq_nergalle
D:12:     layout_basic, minmay_orc_entry_temple_small
D:13:     layout_rooms, serial_undead, serial_undead_e, serial_undead_f,
          serial_undead_e, serial_undead_d, nicolae_twisting_strands
D:14:     dreamdust_black_sun_cult, layout_basic, grunt_vaults_entry_fortified,
          minmay_misc_feat_tiny
Temple:   sentei_temple_godly_chess

Skill      XL: |  1  2  3  4  5  6  7  8  9 10 11 12 13 |
---------------+----------------------------------------+-----
Stealth        | 5 6 7 8 9 11 13 15 17 19 20 | 20.2
Short Blades   | 2 3 4 5 6 7 9 10 | 10.5
Hexes          | 5 6 7 8 9 10 12 13 | 13.7
Dodging        | 3 4 5 6 8 9 10 | 10.7
Spellcasting   | 3 4 5 6 7 8 |  8.9
Summonings     | 2 6 7 |  7.4

Action                     |  1- 3 |  4- 6 |  7- 9 | 10-12 | 13-15 || total
---------------------------+-------+-------+-------+-------+-------++-------
  Melee: Dagger            |    64 |    71 |   139 |   374 |    72 ||   720
         Bite              |     5 |     5 |    18 |    58 |    10 ||    96
         Short sword       |       |     3 |       |       |       ||     3
   Cast: Ensorcelled Hiber |     3 |     1 |    30 |    46 |     3 ||    83
         Tukima's Dance    |       |       |    18 |    12 |     7 ||    37
         Confusing Touch   |       |       |     6 |    37 |     4 ||    47
         Dazzling Flash    |       |       |       |     7 |       ||     7
         Sigil of Binding  |       |       |       |     2 |     1 ||     3
         Call Canine Famil |       |       |       |     3 |     1 ||     4
Ability: Exsanguinate      |     1 |       |       |       |       ||     1
    Use: Scroll            |     2 |     7 |     8 |    10 |       ||    27
         Potion            |       |       |       |     3 |     2 ||     5
   Stab: Sleeping          |    20 |    16 |    33 |    82 |    16 ||   167
         Distracted        |       |       |     1 |     1 |       ||     2
         Confused          |       |       |     4 |    30 |     3 ||    37
         Invisible         |       |       |       |    13 |     4 ||    17
 Armour: Robe              |    20 |    20 |    70 |     6 |       ||   116
         Leather armour    |       |       |       |   165 |    13 ||   178
  Dodge: Dodged            |    28 |    32 |    76 |   383 |    30 ||   549

Table legend: (Time is in decaauts)
 A = Elapsed time spent in this place.
 B = Non-inter-level travel time spent in this place.
 C = Inter-level travel time spent in this place.
 D = Time resting spent in this place.
 E = Time spent auto-exploring this place.
 F = Levels seen in this place.
 G = Mean time per level.
                   A        B        C        D        E       F      G
               +--------+--------+--------+--------+--------+-----+--------+
         Total |  14030 |  13093 |    937 |   2069 |   8219 |  16 |  876.9 |
       Dungeon |  13561 |  12634 |    927 |   1964 |   8108 |  14 |  968.6 |
        Temple |     18 |      9 |      9 |      0 |      0 |   1 |   18.0 |
        Bailey |    449 |    449 |      0 |    105 |    111 |   1 |  449.0 |
               +--------+--------+--------+--------+--------+-----+--------+

Top non-repeatable levels by time:
    D:12: 1363 daAuts
     D:6: 1299 daAuts
     D:8: 1169 daAuts
     D:1: 1138 daAuts
     D:5: 1129 daAuts
     D:7: 1095 daAuts
    D:14: 1089 daAuts
    D:10: 1089 daAuts
    D:11: 777 daAuts
     D:9: 763 daAuts
     D:4: 758 daAuts
    D:13: 737 daAuts
     D:3: 581 daAuts
     D:2: 568 daAuts
  Bailey: 449 daAuts
